 Dungeon Crawl Stone Soup version 0.26.1-11-gd32895ea62 (webtiles) character file.

Game seed: 3280470845899742188

57 Tirrikindir the Ducker (level 4, 0/31 HPs)
             Began as an Octopode Fighter on June 2, 2021.
             Slain by an orc
             ... wielding a +0 club
              (3 damage)
             ... on level 2 of the Dungeon.
             The game lasted 00:01:55 (1329 turns).

Tirrikindir the Ducker (Octopode Fighter)           Turns: 1329, Time: 00:01:56

Health: 0/31       AC:  1    Str: 15    XL:     4   Next: 0%
Magic:  4/4        EV: 12    Int: 10    God:
Gold:   53         SH:  8    Dex: 12    Spells: 3/3 levels left

rFire    . . .     SeeInvis .   a - +0 long sword
rCold    . . .     Faith    .   b - +0 kite shield
rNeg     . . .     Spirit   .   (helmet restricted)
rPois    .         Reflect  .   (no amulet)
rElec    .         Harm     .   (no ring)
rCorr    .         Rampage  .   (no ring)
Will     .....                  (no ring)
Stlth    +++.......             (no ring)
HPRegen  0.10/turn              (no ring)
MPRegen  0.09/turn              (no ring)
                                (no ring)
                                (no ring)

@: mighty
A: almost no armour, stealthy swim, amphibious, 8 rings, constrict 8, camouflage
1, gelatinous body 1
a: no special abilities


You were on level 2 of the Dungeon.
You visited 1 branch of the dungeon, and saw 2 of its levels.

You collected 53 gold pieces.

Inventory:

Hand Weapons
 a - a +0 long sword (weapon)
Missiles
 g - 6 boomerangs (quivered)
Armour
 b - a +0 kite shield (worn)
Scrolls
 d - 3 scrolls of identify {unknown}
 e - a scroll of magic mapping {unknown}
 f - a scroll of teleportation {unknown}
 h - a scroll of immolation {unknown}


   Skills:
 + Level 3.4 Fighting
 + Level 2.5 Long Blades
 + Level 3.4 Dodging
 + Level 2.0 Stealth
 + Level 3.3 Shields


You had 3 spell levels left.
You didn't know any spells.
Your spell library was empty.

Dungeon Overview and Level Annotations

Branches:
Dungeon (2/15)

Altars:


Innate Abilities, Weirdness & Mutations

You cannot wear most types of armour.
You are very stealthy in the water. (Stealth+)
You are amphibious.
You can wear up to eight rings at the same time.
You can use your tentacles to constrict eight enemies at once.
Your skin changes colour to match your surroundings (Stealth+).
Your rubbery body absorbs attacks. (AC +1, EV +1)


Message History

You block the orc's attack.
You closely miss the orc. Your grab misses the orc. The orc barely misses you.
You closely miss the orc. You grab the orc. You constrict the orc.
The orc closely misses you.
You riposte.
You hit the orc.
You kill the orc!
The orc throws a boomerang.
The boomerang hits you but does no damage.
The weapon returns to the orc!
Your Stealth skill increases to level 2!
You barely miss the orc. Your grab misses the orc. You hit the orc.
You kill the orc!
You have reached level 4!
You hit the orc. You grab the orc.
The orc is severely wounded.
You constrict the orc, but do no damage.
The orc hits you with a +0 club.
* * * LOW HITPOINT WARNING * * *
The orc hits you with a +0 club.
You die...

#.>........
#..<..........
##.............
#..............
.†###..#....... .##
#.#.......
..####.........
#.............#####
####..........oo@.### ##.
#...##†####...##...##....
...####.# #...####.......
### #.## ##.o...o......#
#..# #.##o)...####. ##.#
##....###.# #.#
#........... #.#
#......####...
#.###...##..# ##..


You could see 2 orcs.

Vanquished Creatures
  2 adders (D:2)
  An ooze (D:2)
  3 dart slugs
  A leopard gecko (D:1)
  3 orcs (D:2)
  4 goblins (D:1)
  4 hobgoblins (D:1)
  2 kobolds (D:1)
  A frilled lizard (D:1)
  4 rats
25 creatures vanquished.

Notes
Turn   | Place    | Note
-------+----------+-------------------------------------------
     0 | D:1      | Tirrikindir the Octopode Fighter began the quest for the
                  | Orb.
     0 | D:1      | Reached XP level 1. HP: 16/16 MP: 1/1
     6 | D:1      | Noticed an iguana
     6 | D:1      | Noticed an anaconda
     6 | D:1      | Noticed a worker ant
     7 | D:1      | Noticed a rime drake
     7 | D:1      | Noticed a lindwurm
   218 | D:1      | Reached XP level 2. HP: 21/21 MP: 2/2
   241 | D:1      | Reached skill level 1 in Stealth
   940 | D:1      | Reached XP level 3. HP: 26/26 MP: 3/3
  1329 | D:2      | Reached XP level 4. HP: 8/31 MP: 4/4
  1329 | D:2      | Slain by an orc

Illustrated notes

Levels and vault maps discovered:
D:1:      onia_arrival_zoo_common, layout_basic, roderic_lattice_a,
          minmay_misc_feat_chi, hex_large
D:2:      layout_rooms, nzn_hepliaklqana_mist_gate,
          nicolae_overflow_hidden_temple, hangedman_ru_absence

Skill      XL: |  1  2  3 |
---------------+----------+-----
Stealth        | 1 2 |  2.0
Fighting       | |  3.4
Long Blades    | |  2.5
Dodging        | |  3.4
Shields        | |  3.3

Action                   |  1- 3 |  4- 6 || total
-------------------------+-------+-------++-------
Melee: Long sword        |    52 |     1 ||    53
       Constrict         |    13 |     1 ||    14
       Tentacles         |    10 |       ||    10
  Use: Potion            |     1 |       ||     1
 Stab: Sleeping          |     5 |       ||     5
Armor: Skin              |     3 |       ||     3
Dodge: Dodged            |    18 |       ||    18
Block: Kite shield       |    23 |       ||    23
       Rpst.: Long sword |     4 |       ||     4
